 Dungeon Crawl Stone Soup version 0.27-a0-978-g2aa4ecdaef (webtiles) character file.

Game seed: 272712952054895995

2108 siradein the Thaumaturge (level 9, -1/58 HPs)
             Began as a Djinni Fire Elementalist on Apr 14, 2021.
             Was a Believer of Makhleb.
             Slain by an orc warrior
             ... wielding a +0 mace
              (7 damage)
             ... on level 8 of the Dungeon.
             The game lasted 00:33:45 (8937 turns).

siradein the Thaumaturge (Djinni Fire Elementalist) Turns: 8937, Time: 00:33:46

Health: -1/58      AC:  8    Str:  7    XL:     9   Next: 28%
Gold:   422        EV: 12    Int: 20    God:    Makhleb [**....] SH:  0 Dex: 14

rFire    + + +     SeeInvis +   (no weapon)
rCold    x . .     Faith    .   (no shield)
rNeg     . . .     Spirit   .   w - +1 leather armour {rC+}
rPois    ∞         Reflect  .   n - +0 helmet
rElec    .         Harm     .   o - +2 cloak {rPois}
rCorr    .         Rampage  .   (no gloves)
Will     .....                  (boots unavailable)
Stlth    ++........             (no amulet)
HPRegen  0.19/turn              p - ring of fire
MPRegen  0.00/turn              B - ring of see invisible

@: flying
A: fire resistance 2, cold vulnerability 1, float, innate caster, hp casting,
extra vitality 1
a: Renounce Religion, Minor Destruction


You were on level 8 of the Dungeon.
You worshipped Makhleb.
Makhleb was pleased with you.
You visited 1 branch of the dungeon, and saw 8 of its levels.

You collected 422 gold pieces.

Inventory:

Missiles
 j - 250 stones
 y - a throwing net
 F - 6 atropa-tipped darts
Armour
 n - a +0 helmet (worn)
 o - a +2 cloak of poison resistance (worn)
 w - a +1 leather armour of cold resistance (worn)
 C - a +0 tower shield
Jewellery
 p - a ring of fire (left hand)
 x - a ring of resist corrosion
 A - a +6 ring of dexterity
 B - a ring of see invisible (right hand)
Wands
 u - a wand of charming (10)
 E - a wand of flame (16)
Scrolls
 a - 2 scrolls of teleportation
 d - a scroll of summoning
 g - 2 scrolls of vulnerability
 i - a scroll of enchant weapon
 l - a scroll of enchant armour
 m - a scroll of torment
 D - a scroll of noise {unknown}
 G - a scroll of immolation {unknown}
Potions
 b - a potion of might {unknown}
 c - a potion of flight {unknown}
 f - 3 potions of mutation {unknown}
 h - 2 potions of haste {unknown}
 k - 3 potions of curing {unknown}
 r - 3 potions of brilliance {unknown}
 s - 2 potions of attraction {unknown}
 t - 2 potions of degeneration {unknown}
 z - a potion of lignification {unknown}


   Skills:
 + Level 2.0 Fighting
 + Level 1.9 Armour
 + Level 3.3 Dodging
 - Level 1.5 Stealth
 + Level 2.1 Shields
 + Level 9.4 Spellcasting
 + Level 2.0 Invocations


You had one spell level left.
You knew the following spells:

 Your Spells              Type           Power      Damage    Failure   Level
a - Foxfire               Conj/Fire      100%       2x1d9     1%          1
b - Conjure Flame         Conj/Fire      63%        6-21      1%          3
c - Inner Flame           Hex/Fire       63%        N/A       1%          3
d - Sticky Flame          Conj/Fire      63%        2d8       2%          4
e - Fireball              Conj/Fire      31%        3d13      6%          5
f - Sandblast             Erth           94%        2d19      1%          1
g - Slow                  Hex            47%        N/A       1%          2
h - Tukima's Dance        Hex            47%        N/A       1%          3
i - Lesser Beckoning      Tloc           23%        N/A       1%          3
Your spell library was empty.

Dungeon Overview and Level Annotations

Branches:
Dungeon (8/15)             Temple (0/1) D:5
   Lair: D:8-11

Altars:
Hepliaklqana
Makhleb
Okawaru

Annotations:
D:8 1 transporter


Innate Abilities, Weirdness & Mutations

You are immune to poison.
Your flesh is very heat resistant. (rF++)
You are vulnerable to cold. (rC-)
You float through the air rather than walking.
You learn spells naturally, not from books.
Your magical power is your life essence.
You have superior vitality. (+4 HP)


Message History

The orc warrior is engulfed in blazing flames.
Flame seeps out of the orc warrior.
Casting: Foxfire (safe; 1% risk of failure)
Press: ? - help, Q - select action, (/) - cycle Dir - look around, f - activate You feel a surge of power!
You conjure some foxfire!
The orc wizard gestures at you while chanting.
The puff of flame hits you. You resist.
An orc comes into view. It is wielding a +0 dagger.
The foxfire hits the orc warrior but does no damage.
The orc warrior is moderately wounded.
The foxfire hits the orc warrior.
The orc warrior resists.
Flame seeps out of the orc warrior.
The orc warrior is heavily wounded.
The orc warrior is engulfed in blazing flames.
Flame seeps out of the orc warrior.
Casting: Foxfire (safe; 1% risk of failure)
Press: ? - help, Q - select action, (/) - cycle Dir - look around, f - activate You feel a surge of power!
You conjure some foxfire!
The orc shouts!
The orc warrior hits you with a +0 mace!
A killer bee comes into view.
The foxfire hits the orc warrior.
The orc warrior resists.
Flame seeps out of the orc warrior.
The orc warrior is heavily wounded.
The foxfire hits the orc warrior but does no damage.
The orc warrior is heavily wounded.
The killer bee stings you!
* * * LOW HITPOINT WARNING * * *
A killer bee comes into view.
The orc warrior is engulfed in blazing flames.
Flame seeps out of the orc warrior.
Casting: Foxfire (safe; 1% risk of failure)
Press: ? - help, Q - select action, (/) - cycle Dir - look around, f - activate You feel a surge of power!
You conjure some foxfire!
The killer bee buzzes angrily.
* * * LOW HITPOINT WARNING * * *
The killer bee misses you. The killer bee stings you.
* * * LOW HITPOINT WARNING * * *
The orc warrior hits you with a +0 mace!
You die...

,* #.......o#####..?.,...*,*,,*
,*####..........©.....,....,,,,,*
.#..................#*.>...,,,,,*
.§.≈..........##....##.....,∩,,,*
≈...≈.......o.##.....z.....,,,,,,
.≈.§.≈.......o.....z.§○§...,,,,,,
§§≈...##.........○...○)○...,,,,,,
§≈§≈.≈##.......vo....#.....,,,,,,
§§§.≈..#........@y##.#,...#*,,,,,
.≈.≈.≈....!......v.y.y....#*,,,,,
..≈§§.....................#*,,,,,
.≈.S.≈......#######........,>,,,,
§.§§§§.....##≈≈≈≈≈*#......,,,,,,,
.≈.§§≈.....#≈≈≈≈≈≈≈*......,,,,,,,
.§≈.......##≈≈≈≈≈≈≈**...,,,,,,,,,
§≈§≈.≈....#≈≈≈≈≈≈≈≈≈*,.#*,,,,,,,,
≈...≈.....#,≈,,≈,≈≈≈*,,*,,,,,,,,,


You could see an orc warrior (inner flame, ally target), 3 killer bees, 2
wights, an orc wizard and an orc.

Vanquished Creatures
  2 dancing weapons (D:4)
  A wyvern (D:7)
  A water moccasin (D:7)
  3 sky beasts (D:7)
  An orc warrior (D:4)
  2 ogres
  A kobold brigand (D:5)
  A wyvern zombie (D:7)
  A scorpion (D:6)
  2 water moccasin skeletons (D:6)
  3 wights (D:8)
  A howler monkey (D:4)
  2 electric eels (D:7)
  A lava snake (D:8)
  A hound (D:2)
  2 centaur skeletons (D:6)
  3 orc priests (D:4)
  3 jellies
  Crazy Yiuf (D:2)
  Jessica (D:2)
  3 iguanas
  3 orc wizards
  A hound skeleton (D:5)
  3 howler monkey zombies
  5 adders
  12 gnolls
  A shadow imp (D:6)
  2 ufetubi
  A dart slug (D:2)
  19 orcs
  9 ball pythons
  5 endoplasms
  4 giant cockroaches
  3 goblins
  10 hobgoblins
  4 jackals (D:3)
  8 quokkas
  4 bats
  3 frilled lizards
  6 kobolds
  6 rats
145 creatures vanquished.

Vanquished Creatures (collateral kills)
  An orc (D:4)
1 creature vanquished.

Vanquished Creatures (others)
  A dancing weapon (D:5)
  323 foxfires
324 creatures vanquished.

Grand Total: 470 creatures vanquished

Notes
Turn   | Place    | Note
-------+----------+-------------------------------------------
     0 | D:1      | siradein the Djinni Fire Elementalist began the quest for
                  | the Orb.
     0 | D:1      | Reached XP level 1. HP: 15/15 MP: 0/0
    28 | D:1      | You are sucked into a shaft and drop 1 floor!
    39 | D:2      | Noticed Jessica
   324 | D:1      | Reached skill level 3 in Spellcasting
   354 | D:1      | Reached XP level 2. HP: 19/21 MP: 0/0
  1261 | D:2      | Killed Jessica
  1262 | D:2      | Reached XP level 3. HP: 23/25 MP: 0/0
  1262 | D:2      | Learned a level 1 spell: Sandblast
  1358 | D:2      | Reached skill level 4 in Spellcasting
  1387 | D:2      | Reached XP level 4. HP: 29/31 MP: 0/0
  1966 | D:2      | Found a runed translucent door.
  1967 | D:2      | Noticed Crazy Yiuf
  2493 | D:2      | Reached XP level 5. HP: 12/35 MP: 0/0
  2493 | D:2      | Learned a level 2 spell: Slow
  2989 | D:2      | Reached skill level 5 in Spellcasting
  3135 | D:2      | Killed Crazy Yiuf
  3446 | D:3      | Reached XP level 6. HP: 32/40 MP: 0/0
  3592 | D:3      | Found a faded altar of an unknown god.
  3630 | D:3      | Found a burning altar of Makhleb.
  3633 | D:3      | Became a worshipper of Makhleb the Destroyer
  4022 | D:3      | Found a faded altar of an unknown god.
  4022 | D:3      | Found a faded altar of an unknown god.
  4022 | D:3      | Found a hazy altar of Hepliaklqana.
  4022 | D:3      | Found a faded altar of an unknown god.
  4353 | D:4      | Reached skill level 6 in Spellcasting
  4377 | D:4      | Reached XP level 7. HP: 6/45 MP: 0/0
  4377 | D:4      | Learned a level 3 spell: Tukima's Dance
  4659 | D:4      | Killed a +0 falchion
  4879 | D:4      | Reached * piety under Makhleb
  5037 | D:4      | Reached skill level 7 in Spellcasting
  5554 | D:5      | Entered Level 5 of the Dungeon
  6186 | D:5      | Reached skill level 8 in Spellcasting
  6186 | D:5      | Reached XP level 8. HP: 50/50 MP: 0/0
  6343 | D:5      | You are sucked into a shaft and drop 2 floors!
  6866 | D:6      | Reached ** piety under Makhleb
  7392 | D:5      | Found a staircase to the Ecumenical Temple.
  7673 | D:7      | Reached skill level 9 in Spellcasting
  8136 | D:7      | Reached skill level 1 in Fighting
  8144 | D:7      | Reached skill level 1 in Armour
  8144 | D:7      | Reached skill level 1 in Shields
  8144 | D:7      | Reached skill level 1 in Invocations
  8144 | D:7      | Reached XP level 9. HP: 43/57 MP: 0/0
  8144 | D:7      | Learned a level 3 spell: Lesser Beckoning
  8589 | D:7      | Found an iron altar of Okawaru.
  8815 | D:8      | Found a transporter.
  8937 | D:8      | Slain by an orc warrior

Illustrated notes

Levels and vault maps discovered:
D:1:      dpeg_arrival_tiny_a, layout_loops_corners, chequers_arboretum,
          item_on_display_b
D:2:      kennysheep_six_static_rooms, layout_loops_cross,
          minmay_randomly_rotated_circles, uniq_crazy_yiuf_cottage, uniq_jessica
D:3:      layout_basic, lemuel_crystal_altar,
          nicolae_hepliaklqana_ecumenical_no_more,
          chequers_ecumenical_altar_grove, minivault_27
D:4:      layout_cave_pools
D:5:      layout_basic, minmay_temple_entry_junction_2, wad_woods_river_04
D:6:      layout_loops_ring
D:7:      layout_basic, general_overflow_altar, kennysheep_big_empty_room
D:8:      layout_basic, enter_bailey_2, nzn_ghost_randoct,
          kennysheep_crisscross, nicolae_underground_beach, uniq_maurice

Skill      XL: |  1  2  3  4  5  6  7  8  9 |
---------------+----------------------------+-----
Spellcasting   | 3 4 5 6 8 9 |  9.4
Fighting       | 1 2 |  2.0
Armour         | 1 |  1.9
Shields        | 1 2 |  2.1
Invocations    | 1 2 |  2.0
Dodging        | 3 |  3.3
Stealth        | |  1.5

Action                   |  1- 3 |  4- 6 |  7- 9 || total
-------------------------+-------+-------+-------++-------
Melee: Quarterstaff      |       |       |     1 ||     1
 Cast: Foxfire           |    32 |    78 |    93 ||   203
       Inner Flame       |       |    22 |    46 ||    68
       Conjure Flame     |       |     3 |     5 ||     8
       Slow              |       |     1 |       ||     1
       Tukima's Dance    |       |       |    12 ||    12
       Sticky Flame      |       |       |     7 ||     7
       Sandblast         |       |       |     1 ||     1
  Use: Scroll            |       |       |     8 ||     8
Armor: Robe              |     5 |     3 |       ||     8
       Leather armour    |       |       |    11 ||    11
Dodge: Dodged            |    12 |    20 |    21 ||    53

Table legend: (Time is in decaauts)
 A = Elapsed time spent in this place.
 B = Non-inter-level travel time spent in this place.
 C = Inter-level travel time spent in this place.
 D = Time resting spent in this place.
 E = Time spent auto-exploring this place.
 F = Levels seen in this place.
 G = Mean time per level.
                   A        B        C        D        E       F      G
               +--------+--------+--------+--------+--------+-----+--------+
         Total |   8935 |   8723 |    212 |    669 |   7045 |   8 | 1116.9 |
       Dungeon |   8935 |   8723 |    212 |    669 |   7045 |   8 | 1116.9 |
               +--------+--------+--------+--------+--------+-----+--------+

Top non-repeatable levels by time:
     D:2: 2075 daAuts
     D:1: 1241 daAuts
     D:3: 1222 daAuts
     D:7: 1146 daAuts
     D:5: 1139 daAuts
     D:4: 1012 daAuts
     D:6: 922 daAuts
     D:8: 174 daAuts
